 Dungeon Crawl Stone Soup version 0.31-a0-431-g88bdf31460 (webtiles) character file.

Game seed: 8837995380153592392

75 garrulousMonolith the Magician (level 4, -6/32 HPs)
             Began as a Gnoll Hedge Wizard on July 31, 2023.
             Mangled by an orc priest
             ... wielding a +3 mace of protection
              (9 damage)
             ... on level 3 of the Dungeon.
             The game lasted 00:03:00 (3261 turns).

garrulousMonolith the Magician (Gnoll Hedge Wizard) Turns: 3261, Time: 00:03:01

Health: -6/32      AC:  3    Str: 10    XL:     4   Next: 31%
Magic:  13/13      EV: 13    Int: 15    God:
Gold:   116        SH:  0    Dex: 11    Spells: 8/17 levels left

rFire   . . .        a - +0 dagger
rCold   . . .        (no shield)
rNeg    . . .        b - +0 robe
rPois   .            c - +0 hat
rElec   .            f - +0 cloak
rCorr   .            (no gloves)
SInv    .            (no boots)
Will    .....        (no amulet)
Stlth   ++           (no ring)
HPRegen 0.25/turn    (no ring)
MPRegen 0.13/turn

%: no passive effects
@: no status effects
A: fangs 1, strong nose, distributed training
a: no special abilities


You were on level 3 of the Dungeon.
You visited 1 branch of the dungeon, and saw 3 of its levels.

You collected 116 gold pieces.

Inventory:

Hand Weapons
 a - a +0 dagger (weapon)
Armour
 b - a +0 robe (worn)
 c - a +0 hat (worn)
 f - a +0 cloak (worn)
Jewellery
 g - a ring of fire
Scrolls
 e - 2 scrolls of identify
 h - a scroll of poison
 i - a scroll of enchant armour {unknown}
 k - a scroll of revelation {unknown}
 l - a scroll of teleportation {unknown}
 n - a scroll of fear {unknown}
 o - a scroll of amnesia {unknown}
 r - a scroll of blinking {unknown}
Potions
 j - a potion of brilliance {unknown}
 m - a potion of heal wounds {unknown}
 p - a potion of degeneration {unknown}
 q - a potion of attraction {unknown}


   Skills:
 + Level 1.1 Fighting
 + Level 1.1 Short Blades
 + Level 1.1 Long Blades
 + Level 1.1 Axes
 + Level 1.1 Maces & Flails
 + Level 1.1 Polearms
 + Level 1.1 Staves
 + Level 1.1 Ranged Weapons
 + Level 1.1 Throwing
 + Level 1.1 Armour
 + Level 4.6 Dodging
 + Level 4.2 Stealth
 + Level 1.1 Shields
 + Level 1.1 Unarmed Combat
 + Level 7.2 Spellcasting
 + Level 2.2 Conjurations
 + Level 0.9 Hexes
 + Level 2.2 Summonings
 + Level 0.9 Necromancy
 + Level 2.2 Translocations
 + Level 0.9 Transmutations
 + Level 0.9 Fire Magic
 + Level 0.9 Ice Magic
 + Level 0.9 Air Magic
 + Level 0.9 Earth Magic
 + Level 0.9 Poison Magic
 + Level 1.2 Invocations
 + Level 1.1 Evocations
 + Level 0.9 Shapeshifting


You had 8 spell levels left.
You knew the following spells:

 Your Spells              Type           Power      Damage    Failure   Level
a - Magic Dart            Conj           48%        1d5       5%          1
b - Blink                 Tloc           24%        N/A       8%          2
c - Call Imp              Summ           24%        N/A       8%          2
d - Passwall              Tmut/Erth      6%         N/A       14%         2
e - Ensorcelled Hibernat  Hex/Ice        16%        N/A       14%         2

Your spell library contained the following spells:

 Spells                   Type           Power      Damage    Failure   Level
 Slow                     Hex            32%        N/A       9%          1
 Cigotuvi's Dreadful Rot  Necr/Pois/Air  16%        N/A       14%         2
 Mephitic Cloud           Conj/Pois/Air  9%         N/A       22%         3
 Swiftness                Air            8%         N/A       26%         3


Dungeon Overview and Level Annotations

Branches:
Dungeon (3/15)

Altars:


Innate Abilities, Weirdness & Mutations

You have very sharp teeth.
Your uncanny sense of smell can sniff out nearby items.
Your experience applies equally to all skills.


Message History

Casting: Magic Dart (safe; 5% risk of failure)
Confirm with . or Enter, or press ? or * to list all spells.
Aiming: Magic Dart (safe; 5% risk of failure)
Press: ? - help, Shift-Dir - straight line, f/p - orc priest
Aim: an orc priest, wielding a +3 mace of protection and wearing a +0 leather armour (heavily wounded, 100% to hit)
The magic dart hits the orc priest but does no damage.
The orc priest is heavily wounded.
The orc priest looks encouraged for a moment.
Casting: Magic Dart (safe; 5% risk of failure)
Confirm with . or Enter, or press ? or * to list all spells.
Aiming: Magic Dart (safe; 5% risk of failure)
Press: ? - help, Shift-Dir - straight line, f/p - orc priest
Aim: an orc priest, wielding a +3 mace of protection and wearing a +0 leather armour (heavily wounded, 100% to hit)
The magic dart hits the orc priest but does no damage.
The orc priest is heavily wounded.
The orc priest hits you with a +3 mace of protection.
Casting: Magic Dart (safe; 5% risk of failure)
Confirm with . or Enter, or press ? or * to list all spells.
Aiming: Magic Dart (safe; 5% risk of failure)
Press: ? - help, Shift-Dir - straight line, f/p - orc priest
Aim: an orc priest, wielding a +3 mace of protection and wearing a +0 leather armour (heavily wounded, 100% to hit)
The magic dart hits the orc priest but does no damage.
The orc priest is heavily wounded.
The orc priest calls down the wrath of Beogh upon you.
Beogh smites you!
* * * LOW HITPOINT WARNING * * *
Casting: Magic Dart (safe; 5% risk of failure)
Confirm with . or Enter, or press ? or * to list all spells.
Okay, then.
You hit the orc priest but do no damage.
You bite the orc priest, but do no damage.
The orc priest is heavily wounded.
The orc priest looks encouraged for a moment.
You barely miss the orc priest.
The orc priest is heavily wounded.
The orc priest hits you with a +3 mace of protection.
* * * LOW HITPOINT WARNING * * *
Magic courses through your body.
The orc priest hits you with a +3 mace of protection!
You die...

.... ... ∆ ... #..
#)# #J# #o# #@#
#.# # #.# # #.#
### #.# ..#
#########.# #.#
###.......#.#
..####.........#.#
...............#.#


You could see an orc priest and an endoplasm.

Vanquished Creatures
  An adder (D:3)
  2 worms
  4 dart slugs
  4 orcs (D:3)
  3 endoplasms
  2 giant cockroaches
  5 goblins
  3 hobgoblins
  A quokka (D:3)
  7 ball pythons
  A bat (D:1)
  6 frilled lizards
  3 kobolds
  2 rats (D:1)
44 creatures vanquished.

Vanquished Creatures (collateral kills)
  An orc (D:3)
  A quokka (D:3)
2 creatures vanquished.

Grand Total: 46 creatures vanquished

Notes
Turn   | Place    | Note
-------+----------+-------------------------------------------
     0 | D:1      | garrulousMonolith the Gnoll Hedge Wizard began the quest
                  | for the Orb.
     0 | D:1      | Reached XP level 1. HP: 13/13 MP: 8/8
   141 | D:1      | Reached XP level 2. HP: 19/19 MP: 8/10
   537 | D:1      | Learned a level 2 spell: Blink
   540 | D:1      | Learned a level 2 spell: Call Imp
   543 | D:1      | Learned a level 2 spell: Passwall
   546 | D:1      | Learned a level 2 spell: Ensorcelled Hibernation
   795 | D:1      | Found a faded altar of an unknown god.
   842 | D:1      | Reached XP level 3. HP: 25/25 MP: 8/11
  2023 | D:2      | Reached skill level 1 in Invocations
  2543 | D:3      | Reached skill level 1 in Fighting
  2543 | D:3      | Reached skill level 1 in Short Blades
  2543 | D:3      | Reached skill level 1 in Long Blades
  2543 | D:3      | Reached skill level 1 in Axes
  2543 | D:3      | Reached skill level 1 in Maces & Flails
  2543 | D:3      | Reached skill level 1 in Polearms
  2543 | D:3      | Reached skill level 1 in Staves
  2543 | D:3      | Reached skill level 1 in Ranged Weapons
  2543 | D:3      | Reached skill level 1 in Throwing
  2543 | D:3      | Reached skill level 1 in Armour
  2543 | D:3      | Reached skill level 1 in Shields
  2543 | D:3      | Reached skill level 1 in Unarmed Combat
  2543 | D:3      | Reached skill level 1 in Evocations
  2620 | D:3      | Reached XP level 4. HP: 24/32 MP: 0/13
  3261 | D:3      | Mangled by an orc priest

Illustrated notes

Levels and vault maps discovered:
D:1:      wander_arrival_peaceful_grave, layout_basic,
          ebering_ecumenical_altar_petrified, minmay_tiny_reverse_x
D:2:      layout_loops_ring
D:3:      layout_rooms, minmay_pentangle

Skill      XL: |  1  2  3 |
---------------+----------+-----
Conjurations   | 2 |  2.2
Summonings     | 2 |  2.2
Translocations | 2 |  2.2
Invocations    | 1 |  1.2
Fighting       | 1 |  1.1
Short Blades   | 1 |  1.1
Long Blades    | 1 |  1.1
Axes           | 1 |  1.1
Maces & Flails | 1 |  1.1
Polearms       | 1 |  1.1
Staves         | 1 |  1.1
Ranged Weapons | 1 |  1.1
Throwing       | 1 |  1.1
Armour         | 1 |  1.1
Shields        | 1 |  1.1
Unarmed Combat | 1 |  1.1
Evocations     | 1 |  1.1
Dodging        | |  4.6
Stealth        | |  4.2
Spellcasting   | |  7.2
Hexes          | |  0.9
Necromancy     | |  0.9
Transmutations | |  0.9
Fire Magic     | |  0.9
Ice Magic      | |  0.9
Air Magic      | |  0.9
Earth Magic    | |  0.9
Poison Magic   | |  0.9
Shapeshifting  | |  0.9

Action                     |  1- 3 |  4- 6 || total
---------------------------+-------+-------++-------
  Melee: Dagger            |    33 |     2 ||    35
         Bite              |     4 |     1 ||     5
   Cast: Magic Dart        |    95 |    38 ||   133
         Ensorcelled Hiber |     3 |       ||     3
         Call Imp          |     2 |       ||     2
         Blink             |     1 |       ||     1
    Use: Scroll            |     2 |       ||     2
         Potion            |       |     1 ||     1
 Armour: Robe              |     8 |       ||     8
  Dodge: Dodged            |    31 |     2 ||    33

Table legend: (Time is in decaauts)
 A = Elapsed time spent in this place.
 B = Non-inter-level travel time spent in this place.
 C = Inter-level travel time spent in this place.
 D = Time resting spent in this place.
 E = Time spent auto-exploring this place.
 F = Levels seen in this place.
 G = Mean time per level.
                   A        B        C        D        E       F      G
               +--------+--------+--------+--------+--------+-----+--------+
         Total |   3259 |   3168 |     91 |    308 |   2552 |   3 | 1086.3 |
       Dungeon |   3259 |   3168 |     91 |    308 |   2552 |   3 | 1086.3 |
               +--------+--------+--------+--------+--------+-----+--------+

Top non-repeatable levels by time:
     D:1: 1399 daAuts
     D:2: 976 daAuts
     D:3: 883 daAuts
